Map: Chain of Ascension

Players

wasp

  • Race: Protoss Protoss
  • Spawn Location: 11:00

NamroodTuo

  • Race: Terran Terran
  • Spawn Location: 11:00

VOD

Have the link to the VOD?

Description

Time

  • Played on: Jan. 22, 2023, 5:52 a.m.
  • Length: 6:03
Show
View Real Time Build Order
Export as new Build Order

wasp Protoss 

Build Orders:  

Get SALT Encoding   

  12  0:05  Probe (Chrono Boost)  
  13  0:18  Probe (Chrono Boost)  
  14  0:30  Probe (Chrono Boost)  
  15  1:02  Pylon  
  15  1:07  Pylon  
  15  1:17  Pylon  
  15  1:25  Probe (Chrono Boost)  
  16  1:37  Probe (Chrono Boost)  
  17  1:49  Probe (Chrono Boost)  
  18  2:01  Probe (Chrono Boost)  
  19  2:13  Probe (Chrono Boost), Gateway x2  
  20  2:21  Gateway  
  20  2:25  Probe (Chrono Boost)  
  21  2:37  Probe (Chrono Boost)  
  21  2:49  Probe (Chrono Boost)  
  23  3:01  Probe (Chrono Boost), Assimilator  
  23  3:03  Assimilator  
  24  3:13  Probe (Chrono Boost)  
  25  3:58  Probe (Chrono Boost)  
  26  4:10  Probe (Chrono Boost)  
  27  4:22  Probe (Chrono Boost)  
  27  4:26  Sentinel x3  
  34  4:59  Sentinel x2  
Show
View Real Time Build Order
Export as new Build Order

NamroodTuo Terran 

Build Orders:  

Get SALT Encoding   

  12  0:01  SCV  
  13  0:13  SCV  
  14  0:24  SCV  
  15  0:36  Factory  
  15  0:48  Supply Depot  
  15  1:16  SCV  
  16  1:28  SCV  
  17  1:40  SCV, Perdition Turret  
  18  1:52  SCV  
  18  1:59  Refinery  
  19  2:03  SCV  
  19  2:05  Perdition Turret  
  19  2:06  Supply Depot  
  20  2:15  SCV  
  21  2:27  SCV  
  22  2:30  Refinery  
  22  2:39  SCV  
  23  2:51  SCV  
  23  2:54  Devastation Turret  
  24  3:02  SCV  
  25  3:14  SCV  
  26  3:26  SCV  
  27  3:32  Supply Depot  
  27  3:38  SCV  
  28  3:50  SCV  
  28  3:53  Perdition Turret  
  29  4:01  SCV  
  30  4:18  Perdition Turret  
  30  4:21  Perdition Turret x2  
  30  4:43  Perdition Turret  
  30  4:50  Devastation Turret  
  30  5:07  Devastation Turret  
  30  5:20  Devastation Turret  
  30  5:29  Supply Depot  
  30  5:36  SCV  
  30  5:37  Devastation Turret  
  31  5:48  SCV  
  32  6:00  Supply Depot  
Tags
 
Commander
KaraxSwann
Matchup
Co-op
Replay Pack
Multiplayer
Add a new tag
Caveats
  • Supply blocks, unpowered buildings, or Contaminate may cause inaccurate times.
  • Supply counts are checked every 10 seconds.